cohdb
Replays
Latest Replays
All Replays
Popular Replays
Top Player Replays
Match Explorer
How It Works
Community
CoH3 Stats
Reddit
Sign in to upload your games and track your stats! →
Sign in with Steam
Match 38388620
Unlisted
Match 38388620
Overview
Messages
Build Orders
End
Kradschützen Motorcycle Team
Panzergrenadier Squad
250 Light Carrier
Construct Light Support Kompanie
Combat Half-tracks
250 Light Carrier
Selects Armored Support Battlegroup
Selects Armored Support Battlegroup
Selects Salvage Kits
250 Light Carrier
Fire Support Elements
Panzerjäger Mechanized Group
Advanced Field Repairs
Construct Panzerarmee Kommand
Selects Veteran Gunners
Panzer III L Medium Tank
Rapid Advance
Vehicle Survival Package
Panzer III L Medium Tank
Panzerpioneer Squad
Emergency Repair Kits
Selects Flammpanzer III Medium Tank
Panzer III L Medium Tank
Advanced Optics
Tungsten Core Ammunition
Selects Command Panzer IV F Medium Tank
Walking Stuka Rocket Launcher
Pak 38 Mechanized Group
Panzer III L Medium Tank
Flak 36 Anti-tank Gun Team
auv
Assault121
♛Prince-Of-Persia♛
Meleys
STALKER4732
ezh
kit.ohume
Devochkin
0
0
Comments
sign in to comment!
No comments posted yet!